[Event "Titled Tuesday Blitz August 23 Late 2022"]
[White "Djordjevic, Vuk"]
[Black "Theodorou, Nikolas"]
[WhiteFideId "902098"]
[BlackFideId "4262875"]
[WhiteElo "2456"]
[BlackElo "2484"]
[Result "0-1"]
[Round "05"]
[TimeControl "180+1"]
[Date "2022.08.23"]
[WhiteClock "0:00:02"]
[BlackClock "0:00:37"]

1. d4 Nf6 2. Bg5 d5 3. Bxf6 gxf6 4. e3 c5 5. dxc5 e6 6. Nf3 Nd7 7. Be2 Nxc5 8. O-O a6 9. Nbd2 b5 10. Nd4 Bb7 11. f4 Rg8 12. Bf3 Qb6 13. Qe2 O-O-O 14. Bh5 Rg7 15. N2f3 Kb8 16. b3 Bd6 17. a4 Rdg8 18. g3 b4 19. Rac1 Ne4 20. Rfe1 h6 21. Qd3 f5 22. Ne5 Bxe5 23. fxe5 f4 24. g4 Rg5 25. Kf1 a5 26. exf4 Ba6 27. fxg5 Qxd4 28. Re2 Bxd3 29. cxd3 Qxd3 30. gxh6 Rh8 31. Rc2 Rxh6 32. Kg2 0-1


[Site "https://www.chess.com"]

[Event "Titled Tuesday Blitz August 23 Late 2022"]
[White "Ezat, Mohamed"]
[Black "Matinian, Nikita"]
[WhiteFideId "10600906"]
[BlackFideId "24129100"]
[WhiteElo "2386"]
[BlackElo "2422"]
[Result "0-1"]
[Round "05"]
[TimeControl "180+1"]
[Date "2022.08.23"]
[WhiteClock "0:00:12"]
[BlackClock "0:00:14"]

1. d4 g6 2. c4 Bg7 3. e4 d6 4. Nc3 Nc6 5. Be3 e5 6. d5 Nd4 7. Nge2 Nxe2 8. Bxe2 h5 9. c5 Bh6 10. Qd2 Bxe3 11. Qxe3 Nf6 12. O-O Ng4 13. Qg3 h4 14. Qd3 h3 15. g3 a6 16. f3 Nf6 17. cxd6 cxd6 18. Qe3 O-O 19. Rac1 Bd7 20. Nb1 Re8 21. Nd2 b5 22. Rc2 Kg7 23. Rfc1 Nh7 24. Rc7 Rc8 25. Rxc8 Bxc8 26. Nb3 f5 27. Rc6 Rf8 28. Qa7+ Kh6 29. Nd2 Qg5 30. Nf1 fxe4 31. fxe4 Bg4 32. Bxg4 Qxg4 33. Qe3+ Ng5 34. Rc2 Rf3 35. Qc1 Qxe4 36. Qd2 Rxf1+ 37. Kxf1 Qh1+ 38. Ke2 Qxh2+ 39. Kd3 Qxg3+ 40. Qe3 e4+ 41. Kd4 Qe5# 0-1


[Site "https://www.chess.com"]

[Event "Titled Tuesday Blitz August 23 Late 2022"]
[White "Fawzy, Adham"]
[Black "Dilanyan, Grigor"]
[WhiteFideId "10613129"]
[BlackFideId "13303570"]
[WhiteElo "2541"]
[BlackElo "2264"]
[Result "1-0"]
[Round "05"]
[TimeControl "180+1"]
[Date "2022.08.23"]
[WhiteClock "0:00:11"]
[BlackClock "0:00:13"]

1. e4 e5 2. Nf3 Nc6 3. Bc4 Nf6 4. Ng5 d5 5. exd5 Na5 6. Bb5+ c6 7. dxc6 bxc6 8. Bd3 Nd5 9. Nf3 Bd6 10. O-O Nf4 11. Re1 Nxd3 12. cxd3 O-O 13. Nc3 c5 14. b3 Nc6 15. Ba3 Bg4 16. h3 Bh5 17. Ne4 Nd4 18. g4 Bg6 19. Rc1 Rc8 20. Nxd4 exd4 21. Qf3 Bxe4 22. dxe4 Qa5 23. e5 Be7 24. Qb7 Bh4 25. Bb2 Qxd2 26. Rf1 Qxb2 27. Qf3 Qd2 28. Rce1 Qg5 29. Re4 Rcd8 30. Rd1 Rfe8 31. Qg2 Qg6 32. f4 f5 33. Re2 fxg4 34. hxg4 h5 35. gxh5 Qxg2+ 36. Kxg2 Kh7 37. Kf3 Rf8 38. Ke4 Be7 39. f5 Rf7 40. Rg2 Rdf8 41. Rf1 Bd8 42. Rc2 Bb6 43. a4 a5 44. Rg2 Re8 45. Rfg1 Rfe7 46. e6 Rf8 47. Rg6 Rf6 48. h6 Rxg6 49. fxg6+ Kxh6 50. Kf5 1-0


[Site "https://www.chess.com"]

[Event "Titled Tuesday Blitz August 23 Late 2022"]
[White "Ghazarian, Kirk"]
[Black "Chigaev, Maksim"]
[WhiteFideId "30908604"]
[BlackFideId "4108116"]
[WhiteElo "2074"]
[BlackElo "2487"]
[Result "0-1"]
[Round "05"]
[TimeControl "180+1"]
[Date "2022.08.23"]
[WhiteClock "0:00:04"]
[BlackClock "0:01:11"]

1. d4 Nf6 2. Nf3 g6 3. Nbd2 Bg7 4. e4 O-O 5. Bd3 c5 6. d5 e6 7. c4 exd5 8. cxd5 d6 9. O-O Bg4 10. h3 Bxf3 11. Nxf3 Re8 12. Re1 Nbd7 13. a4 a6 14. Bf4 c4 15. Bxc4 Nxe4 16. Bd3 Ndc5 17. Bxe4 Nxe4 18. Qb3 Qf6 19. Bh2 Nc5 20. Qb6 Qxb2 21. Qxb2 Bxb2 22. Rxe8+ Rxe8 23. Ra2 Nd3 24. Bxd6 Rd8 25. Ba3 Bxa3 26. Rxa3 Rxd5 27. a5 Kf8 28. Rb3 Nc5 29. Rb6 Ke7 30. h4 h6 31. g4 Rd6 32. Rb4 Rd1+ 33. Kg2 Ra1 34. Ne5 Rxa5 35. h5 gxh5 36. gxh5 Rb5 37. Rc4 Ne6 38. Ng4 Rxh5 39. Ne3 Rg5+ 40. Kf3 h5 41. Ke2 Rc5 42. Rh4 b5 43. Kd3 a5 44. Nc2 b4 45. Ne3 Rc3+ 46. Ke4 Kd6 47. Nf5+ Kc5 48. Rxh5 Kb6 49. Ne3 Rc5 50. Rh7 Ng5+ 0-1


[Site "https://www.chess.com"]

[Event "Titled Tuesday Blitz August 23 Late 2022"]
[White "Goltsev, Dmitry"]
[Black "Deac, Bogdan-Daniel"]
[WhiteFideId "24176710"]
[BlackFideId "1226380"]
[WhiteElo "2258"]
[BlackElo "2648"]
[Result "0-1"]
[Round "05"]
[TimeControl "180+1"]
[Date "2022.08.23"]
[WhiteClock "0:00:18"]
[BlackClock "0:00:07"]

1. e4 c6 2. d4 d5 3. Nc3 a6 4. Nf3 Bg4 5. Be2 e6 6. h3 Bh5 7. exd5 cxd5 8. O-O Nc6 9. Bf4 Bd6 10. Bxd6 Qxd6 11. Qd2 Nge7 12. Rfe1 O-O 13. a3 Rac8 14. Nd1 Bxf3 15. Bxf3 Nf5 16. c3 Na5 17. Qe2 Qd8 18. g3 Nc4 19. Kh2 Qb6 20. Bg2 h6 21. Qc2 Ncd6 22. Ne3 Nxd4 23. Qd3 Nb3 24. Rad1 Nc4 25. Qe2 Nxe3 26. fxe3 Nc5 27. Rd4 Qc7 28. Rf1 b5 29. Qh5 f5 30. Qe2 Ne4 31. Bxe4 fxe4 32. Rdd1 Qc4 33. Qg4 Rxf1 34. Rxf1 Qxf1 35. Qxe6+ Kh7 36. Qxc8 Qf2+ 37. Kh1 Qxg3 38. Qf5+ Kh8 39. Qf8+ Kh7 40. Qf5+ Qg6 41. Qxd5 Qe8 42. Qf5+ Kh8 43. Kg2 Qc6 44. Qf8+ Kh7 45. Qf5+ Qg6+ 46. Qxg6+ Kxg6 47. Kg3 Kf5 48. b3 g5 49. Kg2 h5 50. Kg3 Ke5 51. Kg2 a5 52. h4 g4 53. Kg3 Kd5 54. a4 bxa4 55. bxa4 Kc4 56. Kf4 Kb3 57. Kxe4 Kxa4 58. Kf4 Kb5 59. e4 a4 60. e5 a3 61. e6 Kc6 0-1


[Site "https://www.chess.com"]

[Event "Titled Tuesday Blitz August 23 Late 2022"]
[White "Goncalves, Davi Sulzbacher"]
[Black "Livaic, Leon"]
[WhiteFideId "2154510"]
[BlackFideId "14531534"]
[WhiteElo "2107"]
[BlackElo "2540"]
[Result "0-1"]
[Round "05"]
[TimeControl "180+1"]
[Date "2022.08.23"]
[WhiteClock "0:00:22"]
[BlackClock "0:00:25"]

1. Nf3 Nf6 2. g3 b6 3. Bg2 Bb7 4. O-O c5 5. c4 g6 6. b3 Bg7 7. Bb2 O-O 8. d3 d5 9. cxd5 Qxd5 10. Nc3 Qd7 11. Ne5 Qc8 12. e4 Rd8 13. Qc2 Nfd7 14. Nd5 Bxd5 15. Nxd7 Bxb3 16. axb3 Qxd7 17. e5 Nc6 18. d4 Rac8 19. dxc5 bxc5 20. Qxc5 Nxe5 21. Qxa7 Qxa7 22. Rxa7 Nc6 23. Bxc6 Bxb2 24. Bb5 e6 25. Bc4 Rd2 26. Kg2 Rcd8 27. Re1 Bd4 28. Re2 Rxe2 29. Bxe2 Bxa7 0-1


[Site "https://www.chess.com"]

[Event "Titled Tuesday Blitz August 23 Late 2022"]
[White "Harvey, Marcus R"]
[Black "Arias, Juan Cruz"]
[WhiteFideId "400092"]
[BlackFideId "118540"]
[WhiteElo "2485"]
[BlackElo "2091"]
[Result "1-0"]
[Round "05"]
[TimeControl "180+1"]
[Date "2022.08.23"]
[WhiteClock "0:01:28"]
[BlackClock "0:00:40"]

1. c4 e5 2. Nc3 Nf6 3. Nf3 Nc6 4. e4 Bc5 5. Nxe5 Nxe5 6. d4 Bb4 7. dxe5 Nxe4 8. Qf3 Nxc3 9. bxc3 Bc5 10. Bd3 a5 11. Qg3 Kf8 12. h4 h5 13. Bg5 Qe8 14. O-O Ra6 15. Rae1 Re6 16. Bf5 Ra6 17. Bf6 Rg8 18. Bh7 g6 19. Qg5 Qe6 20. Qh6+ Ke8 21. Bxg8 b6 22. Qh8 Bb7 23. Bh7+ Bf8 24. Bg7 Qg4 25. Qxf8# 1-0


[Site "https://www.chess.com"]

[Event "Titled Tuesday Blitz August 23 Late 2022"]
[White "Ibrahimli, Murad"]
[Black "Bok, Benjamin"]
[WhiteFideId "13410229"]
[BlackFideId "1017063"]
[WhiteElo "2109"]
[BlackElo "2658"]
[Result "0-1"]
[Round "05"]
[TimeControl "180+1"]
[Date "2022.08.23"]
[WhiteClock "0:00:02"]
[BlackClock "0:00:13"]

1. d4 Nf6 2. c4 e6 3. Nf3 d5 4. g3 Bb4+ 5. Bd2 Be7 6. Bg2 O-O 7. O-O Nbd7 8. Bc3 b6 9. Nbd2 Bb7 10. cxd5 Nxd5 11. e4 Nxc3 12. bxc3 c5 13. Qa4 a6 14. Rad1 b5 15. Qb3 cxd4 16. cxd4 Nb6 17. Rfe1 Rc8 18. h4 Qd6 19. Re3 Na4 20. Nb1 Qb4 21. d5 exd5 22. exd5 Rfd8 23. Ne5 Qxb3 24. Rxb3 Bf6 25. f4 Rd6 26. Rd4 Rcd8 27. Rxa4 Bxd5 28. Bxd5 bxa4 29. Bxf7+ Kf8 30. Rb7 Bxe5 31. fxe5 R6d7 32. Rxd7 Rxd7 33. Bh5 Rc7 34. Nd2 Rc2 35. Nf3 Rxa2 36. Nd4 g6 37. Bf3 Ra1+ 38. Kf2 a3 39. Bd5 a2 0-1


[Site "https://www.chess.com"]

[Event "Titled Tuesday Blitz August 23 Late 2022"]
[White "Jones, Gawain C B"]
[Black "Mcconnell, Sullivan"]
[WhiteFideId "409561"]
[BlackFideId "30934885"]
[WhiteElo "2657"]
[BlackElo "2599"]
[Result "1-0"]
[Round "05"]
[TimeControl "180+1"]
[Date "2022.08.23"]
[WhiteClock "0:00:16"]
[BlackClock "0:00:05"]

1. e4 e6 2. d4 d5 3. e5 c5 4. c3 Nc6 5. Nf3 Bd7 6. Bd3 Rc8 7. O-O cxd4 8. cxd4 Nb4 9. Nc3 Nxd3 10. Qxd3 a6 11. Bg5 Be7 12. h4 h6 13. Bd2 Bxh4 14. a4 Be7 15. Ne2 h5 16. b3 Nh6 17. Bxh6 Rxh6 18. Rac1 Rxc1 19. Rxc1 Bb4 20. Qe3 h4 21. Qf4 Bc6 22. Qg4 Rg6 23. Qxh4 Qxh4 24. Nxh4 Rh6 25. g3 Ke7 26. Nf3 Rh8 27. Nf4 Kd7 28. Kg2 f6 29. g4 Rf8 30. Rh1 fxe5 31. Ng6 Rg8 32. Ngxe5+ Kd6 33. Kg3 Be8 34. Rc1 Bc6 35. Nd3 Ba5 36. Rc2 Bd8 37. Re2 Rh8 38. Nc5 Rh6 39. g5 Rh1 40. Rxe6+ Kc7 41. Rg6 Kb6 42. Rxg7 Bc7+ 43. Kg4 Bd6 44. g6 Bxc5 45. dxc5+ Kxc5 46. Rc7 d4 47. g7 Kd6 48. Rxc6+ bxc6 49. g8=Q 1-0


[Site "https://www.chess.com"]

[Event "Titled Tuesday Blitz August 23 Late 2022"]
[White "Leiva, Gianmarco"]
[Black "Wirig, Anthony"]
[WhiteFideId "3804399"]
[BlackFideId "615013"]
[WhiteElo "2323"]
[BlackElo "2474"]
[Result "1/2-1/2"]
[Round "05"]
[TimeControl "180+1"]
[Date "2022.08.23"]
[WhiteClock "0:00:05"]
[BlackClock "0:00:07"]

1. e4 c5 2. Nf3 e6 3. c3 Nf6 4. Bd3 Nc6 5. Bc2 d5 6. e5 Nd7 7. d4 Be7 8. O-O g5 9. dxc5 Nxc5 10. Re1 Bd7 11. Nbd2 Qc7 12. Qe2 h5 13. Nd4 Nxd4 14. cxd4 Na4 15. Bd3 O-O-O 16. Nf3 Rdg8 17. b3 Nc3 18. Qc2 g4 19. Nd2 Bb5 20. Bb2 Ne2+ 21. Kh1 Qxc2 22. Bxc2 Kb8 23. Nf1 Rc8 24. Ne3 Bb4 25. Red1 Bc3 26. Rab1 Bxb2 27. Rxb2 Nc3 28. Rd2 a5 29. g3 Be2 30. Kg2 Bf3+ 31. Kg1 h4 32. Bd3 h3 33. Bf1 Rc7 34. Rdc2 Rhc8 35. Rd2 Ne4 36. Rdc2 Rc3 37. Rxc3 Rxc3 38. Rc2 Ka7 39. Rxc3 Nxc3 40. Bd3 Nxa2 41. Kf1 Nc1 42. Bc2 Ne2 43. Bd1 Nxd4 44. Bxf3 Nxf3 45. Nxg4 b5 46. Ke2 Nd4+ 47. Kd3 Nxb3 48. Nh6 Nc5+ 49. Kd4 Ne4 50. f4 Nxg3 51. Nxf7 Ne2+ 52. Ke3 a4 53. f5 a3 54. fxe6 a2 55. e7 a1=Q 56. e8=Q Nc3 57. Nd6 Qe1+ 58. Kd4 Qd2+ 59. Kc5 Ne4+ 60. Nxe4 dxe4 61. Qe7+ Ka8 62. Qe8+ Ka7 63. Qe7+ Ka8 64. Qe8+ Ka7 1/2-1/2


[Site "https://www.chess.com"]

[Event "Titled Tuesday Blitz August 23 Late 2022"]
[White "Lenderman, Aleksandr"]
[Black "Ostrovskiy, Aleksandr"]
[WhiteFideId "2021285"]
[BlackFideId "2034239"]
[WhiteElo "2607"]
[BlackElo "2340"]
[Result "1-0"]
[Round "05"]
[TimeControl "180+1"]
[Date "2022.08.23"]
[WhiteClock "0:01:07"]
[BlackClock "0:00:02"]

1. e4 d5 2. d3 e5 3. Nf3 Nc6 4. Nbd2 Nf6 5. g3 Bc5 6. Bg2 O-O 7. O-O Re8 8. c3 a5 9. a4 dxe4 10. dxe4 b6 11. h3 Ba6 12. Re1 Qe7 13. Nb3 Rad8 14. Bd2 Nd7 15. Qc2 f6 16. Rad1 Bc4 17. Nc1 Qf7 18. b3 Ba6 19. Bf1 Bxf1 20. Kxf1 Qh5 21. Kg2 Nf8 22. Nd3 Be7 23. Be3 Ne6 24. Nb2 Bc5 25. Nc4 Qg6 26. Nh4 Qh5 27. Bxc5 Nxc5 28. Nf5 Rxd1 29. Rxd1 Ne7 30. Nxe7+ Rxe7 31. Ne3 Qe8 32. b4 axb4 33. cxb4 Ne6 34. Nd5 Rd7 35. Qc6 Nd4 36. Qc4 Qf7 37. Nxb6 Rd8 38. Nd5 c6 39. Ne3 Qxc4 40. Nxc4 Ra8 41. a5 Kf7 42. Ra1 Ke7 43. a6 Nb5 44. Nb6 Rb8 45. a7 Rxb6 46. a8=Q 1-0


[Site "https://www.chess.com"]

[Event "Titled Tuesday Blitz August 23 Late 2022"]
[White "Martinez Alcantara, Jose Eduardo"]
[Black "Preotu, Razvan"]
[WhiteFideId "3805662"]
[BlackFideId "2613280"]
[WhiteElo "2703"]
[BlackElo "2407"]
[Result "1-0"]
[Round "05"]
[TimeControl "180+1"]
[Date "2022.08.23"]
[WhiteClock "0:01:47"]
[BlackClock "0:01:38"]

1. e4 c5 2. Nf3 c4 3. Bxc4 d6 4. Nc3 Nc6 5. h3 g6 6. O-O Bg7 7. d4 e6 8. d5 exd5 9. exd5 Ne5 10. Bb5+ Bd7 11. Nxe5 Bxe5 12. Re1 Kf8 13. Bxd7 Qxd7 14. Qf3 Re8 15. Bf4 Qf5 16. Bxe5 Rxe5 17. Qg3 Nf6 18. Rxe5 dxe5 19. Re1 e4 20. Qe3 Kg7 21. Qxa7 Re8 22. Qd4 Re5 23. a4 g5 24. f3 Kg6 25. fxe4 Qf4 26. Rf1 Qg3 27. Qb6 1-0


[Site "https://www.chess.com"]

[Event "Titled Tuesday Blitz August 23 Late 2022"]
[White "Melkumyan, Hrant"]
[Black "Hnydiuk, Aleksander"]
[WhiteFideId "13302485"]
[BlackFideId "1109057"]
[WhiteElo "2604"]
[BlackElo "2374"]
[Result "1-0"]
[Round "05"]
[TimeControl "180+1"]
[Date "2022.08.23"]
[WhiteClock "0:00:07"]
[BlackClock "0:00:30"]

1. c4 Nf6 2. Nf3 g6 3. Nc3 Bg7 4. e4 O-O 5. d4 d6 6. Be2 e5 7. O-O Bg4 8. dxe5 Bxf3 9. exf6 Bxe2 10. Qxe2 Bxf6 11. Nd5 Bg7 12. Be3 c6 13. Nf4 Qe7 14. f3 Nd7 15. Rad1 Nc5 16. b4 Na4 17. Qc2 Nc3 18. Rd3 Qe5 19. g3 a5 20. b5 cxb5 21. cxb5 Rac8 22. Bd4 Nxb5 23. Bxe5 Rxc2 24. Bxg7 Kxg7 25. Rb1 Nc3 26. Rxb7 Ne2+ 27. Nxe2 Rxe2 28. Rc3 Rxa2 29. Rbb3 a4 30. Ra3 Rxa3 31. Rxa3 Ra8 32. Kf2 Kf6 33. Ke3 Ke5 34. f4+ Ke6 35. g4 f5 36. exf5+ gxf5 37. g5 Kd5 38. Kd3 Kc5 39. Kc2 Kb4 40. Rd3 a3 41. Kb1 a2+ 42. Ka1 Kc5 43. h4 d5 44. h5 d4 45. Rd2 Kc4 46. Rc2+ Kb3 47. Rc7 d3 48. Rb7+ Kc2 49. Rxh7 d2 50. Rc7+ Kd3 51. Rd7+ Ke2 52. h6 d1=Q+ 53. Rxd1 Kxd1 54. h7 Kc2 55. g6 Kb3 56. g7 Rc8 57. g8=Q+ 1-0


[Site "https://www.chess.com"]

[Event "Titled Tuesday Blitz August 23 Late 2022"]
[White "Nakamura, Hikaru"]
[Black "Hansen, Eric"]
[WhiteFideId "2016192"]
[BlackFideId "2606771"]
[WhiteElo "2850"]
[BlackElo "2568"]
[Result "1-0"]
[Round "05"]
[TimeControl "180+1"]
[Date "2022.08.23"]
[WhiteClock "0:00:54"]
[BlackClock "0:00:14"]

1. Nf3 d5 2. e3 Nd7 3. c4 e6 4. b3 Ngf6 5. Bb2 a6 6. g3 Nc5 7. Qc2 Be7 8. cxd5 Qxd5 9. Be2 b5 10. Nc3 Qd8 11. d4 Ncd7 12. O-O Bb7 13. Rfd1 O-O 14. Ne5 Qb8 15. a4 b4 16. Nxd7 Nxd7 17. Ne4 Rc8 18. Nc5 Nxc5 19. dxc5 Bc6 20. Rd4 Bf6 21. Rg4 Bxb2 22. Qxb2 g6 23. h4 Rd8 24. h5 Rd5 25. hxg6 fxg6 26. Bc4 Qf8 27. Bxd5 Bxd5 28. e4 Bc6 29. Rf4 Qe7 30. Qe5 a5 31. Rd1 Re8 32. Rd3 Qg7 33. Rf6 Bxe4 34. Qxe6+ 1-0


[Site "https://www.chess.com"]

[Event "Titled Tuesday Blitz August 23 Late 2022"]
[White "Naroditsky, Daniel"]
[Black "Seo, Jung Min"]
[WhiteFideId "2026961"]
[BlackFideId "1734687"]
[WhiteElo "2628"]
[BlackElo "2414"]
[Result "1-0"]
[Round "05"]
[TimeControl "180+1"]
[Date "2022.08.23"]
[WhiteClock "0:01:36"]
[BlackClock "0:01:43"]

1. e4 c5 2. Nf3 d6 3. Bb5+ Nd7 4. O-O Nf6 5. Re1 a6 6. Bf1 e6 7. c3 b5 8. d4 Bb7 9. Bd3 Be7 10. Nbd2 O-O 11. Nf1 e5 12. Ng3 Re8 13. a4 Qb6 14. d5 c4 15. Bc2 Nc5 16. Nf5 Bf8 17. Bg5 Nfd7 18. a5 Qc7 19. Qd2 Bc8 20. Re3 Nb7 21. N3h4 Ndc5 22. Rg3 Kh8 23. Nh6 Nb3 24. Bxb3 cxb3 25. Bf6 Nc5 26. Qg5 1-0


[Site "https://www.chess.com"]

[Event "Titled Tuesday Blitz August 23 Late 2022"]
[White "Noboa Silva, Kevin"]
[Black "Pakleza, Zbigniew"]
[WhiteFideId "3618471"]
[BlackFideId "1119290"]
[WhiteElo "2172"]
[BlackElo "2411"]
[Result "0-1"]
[Round "05"]
[TimeControl "180+1"]
[Date "2022.08.23"]
[WhiteClock "0:00:01"]
[BlackClock "0:00:09"]

1. d4 d6 2. e4 Nf6 3. Bd3 e5 4. c3 d5 5. dxe5 dxe4 6. Be2 Qxd1+ 7. Bxd1 Ng4 8. Bc2 Bf5 9. Ne2 Nxe5 10. Ng3 Bg6 11. Nxe4 Nbc6 12. O-O O-O-O 13. Be3 Nc4 14. Bc1 Re8 15. f3 f5 16. Ng3 Bc5+ 17. Kh1 f4 18. Ne4 Be3 19. Bb3 N6e5 20. Na3 Nxa3 21. bxa3 Bxc1 22. Raxc1 Rd8 23. Nc5 Nd3 24. Nxd3 Rxd3 25. Bc2 Rd2 26. Bxg6 hxg6 27. Rfe1 Rhd8 28. h3 Rxa2 29. Re6 Rd6 30. Re7 Rxa3 31. Rxg7 a5 32. Re1 b5 33. Re5 b4 34. cxb4 axb4 35. Rb5 Rb6 36. Rc5 Ra7 37. Rg8+ Kb7 38. Rg7 Kb8 39. Rg8+ Kb7 40. Rg7 Ka6 41. Rgxc7 Rxc7 42. Rxc7 b3 43. Rc1 Kb5 44. Kh2 Kb4 45. g3 fxg3+ 46. Kxg3 b2 47. Rb1 Kc3 48. Kg4 Rb5 49. f4 Kc2 50. Re1 b1=Q 51. Rxb1 Kxb1 52. h4 Kc2 53. f5 Rxf5 0-1


[Site "https://www.chess.com"]

[Event "Titled Tuesday Blitz August 23 Late 2022"]
[White "Ohanyan, Emin"]
[Black "Howell, David W L"]
[WhiteFideId "13312022"]
[BlackFideId "410608"]
[WhiteElo "1927"]
[BlackElo "2559"]
[Result "0-1"]
[Round "05"]
[TimeControl "180+1"]
[Date "2022.08.23"]
[WhiteClock "0:00:01"]
[BlackClock "0:00:08"]

1. e4 c6 2. d4 d5 3. Nc3 b5 4. Bd3 b4 5. Nce2 dxe4 6. Bxe4 Nf6 7. Bf3 e6 8. Nh3 Be7 9. O-O O-O 10. Nhf4 a5 11. Nd3 Ba6 12. Re1 Qb6 13. Be3 Nd5 14. Ng3 Nd7 15. Bxd5 cxd5 16. Ne5 Qc7 17. Bf4 Bd6 18. Nh5 Bxe5 19. dxe5 g6 20. Qg4 Qxc2 21. Nf6+ Nxf6 22. exf6 Qf5 23. Qh4 Qh5 24. Qg3 Bd3 25. Re5 Bf5 26. f3 Rfc8 27. Bd2 Rc2 28. Qf4 g5 29. Qd4 h6 30. g4 Bxg4 31. fxg4 Qg6 32. Rf1 Rac8 33. Re2 R8c4 34. Qe5 Rxg4+ 35. Kf2 Kh7 36. Be1 Re4 37. Qxe4 Qxe4 0-1


[Site "https://www.chess.com"]

[Event "Titled Tuesday Blitz August 23 Late 2022"]
[White "Papasimakopoulos, Alexandros"]
[Black "Al-Tarboush, Ward"]
[WhiteFideId "4244125"]
[BlackFideId "7601450"]
[WhiteElo "2357"]
[BlackElo "2234"]
[Result "1/2-1/2"]
[Round "05"]
[TimeControl "180+1"]
[Date "2022.08.23"]
[WhiteClock "0:00:08"]
[BlackClock "0:00:04"]

1. d4 b6 2. e4 Bb7 3. Bd3 e6 4. Qe2 d5 5. e5 c5 6. c3 Qc8 7. Bb5+ Nd7 8. Nf3 cxd4 9. O-O dxc3 10. Nxc3 Ne7 11. Bg5 Nc6 12. Rac1 h6 13. Bh4 g5 14. Bg3 Bg7 15. Nxd5 exd5 16. e6 Nc5 17. b4 Nxe6 18. Bxc6+ Bxc6 19. b5 O-O 20. Rxc6 Qd7 21. Rd1 Rfe8 22. Qd3 Nc5 23. Qb1 Rad8 24. h3 Qe7 25. Re1 Ne4 26. Qd3 Rd7 27. Nd4 Qb4 28. Nc2 Qf8 29. Nd4 Nc5 30. Rxe8 Qxe8 31. Qd1 Re7 32. Kh2 Re1 33. Qg4 Qd7 34. Nf5 Re4 35. Nxh6+ Bxh6 36. Qxd7 Nxd7 37. Rxh6 f6 38. f4 gxf4 39. Bf2 d4 40. Rh5 d3 41. Rd5 Ne5 42. a4 Rxa4 43. Bd4 d2 44. Bxe5 fxe5 45. Rxd2 Rd4 46. Ra2 Rd7 47. g3 f3 48. Kg1 e4 49. Kf2 Re7 50. Ke3 Kg7 51. g4 Kg6 52. h4 Rf7 53. Rd2 Re7 54. Rd6+ Kg7 55. g5 Rf7 56. Rd2 Rf5 57. Rf2 Rxb5 58. Kxe4 Rb4+ 59. Kf5 Rxh4 60. Rxf3 Rc4 61. Rd3 Rc5+ 62. Kg4 a5 63. Rd7+ Kf8 64. Kh5 a4 65. Kh6 Rc1 66. Ra7 b5 67. Ra8+ Ke7 68. g6 Rh1+ 69. Kg7 Rh3 70. Ra5 Rb3 71. Kh7 a3 72. g7 Rh3+ 73. Kg8 b4 74. Ra4 Rh4 75. Ra7+ Ke8 76. Ra8+ Ke7 77. Ra7+ Ke8 78. Ra4 Rg4 79. Ra8+ Ke7 80. Ra4 Rh4 81. Ra7+ 1/2-1/2


[Site "https://www.chess.com"]

[Event "Titled Tuesday Blitz August 23 Late 2022"]
[White "Paravyan, David"]
[Black "Manelyuk, Daniil"]
[WhiteFideId "4194985"]
[BlackFideId "44173920"]
[WhiteElo "2569"]
[BlackElo "2209"]
[Result "1-0"]
[Round "05"]
[TimeControl "180+1"]
[Date "2022.08.23"]
[WhiteClock "0:01:31"]
[BlackClock "0:00:11"]

1. e4 c6 2. d4 d5 3. e5 Bf5 4. h4 h5 5. Bd3 Bxd3 6. Qxd3 Qa5+ 7. Nd2 e6 8. Nf3 Nd7 9. O-O Nh6 10. Nb3 Qa6 11. Qxa6 bxa6 12. Bxh6 gxh6 13. Rac1 Nb6 14. Ne1 Be7 15. g3 Nc4 16. Nd3 a5 17. Nbc5 Bxc5 18. dxc5 Rg8 19. a4 Ke7 20. Rfe1 Rab8 21. b3 Nd2 22. Kg2 Ne4 23. Re3 Rg4 24. Rce1 Rbg8 25. Kh2 f5 26. exf6+ Kxf6 27. f3 Rxg3 28. fxe4 Rg2+ 29. Kh3 Rxc2 30. exd5 exd5 31. Rf3+ Kg7 32. Rg1+ Kh8 33. Rxg8+ Kxg8 34. Ne5 Rxc5 35. Kg3 d4 36. Nd3 Rc3 37. Nf4 Rc5 38. Rd3 Rd5 39. Nxd5 1-0


[Site "https://www.chess.com"]

[Event "Titled Tuesday Blitz August 23 Late 2022"]
[White "Pinheiro, Iung Alicio de O."]
[Black "Sjugirov, Sanan"]
[WhiteFideId "2104350"]
[BlackFideId "4189302"]
[WhiteElo "2283"]
[BlackElo "2609"]
[Result "0-1"]
[Round "05"]
[TimeControl "180+1"]
[Date "2022.08.23"]
[WhiteClock "0:00:03"]
[BlackClock "0:00:18"]

1. e4 c6 2. Nc3 d5 3. Nf3 Bg4 4. h3 Bxf3 5. Qxf3 e6 6. d4 Nf6 7. Bd3 Bb4 8. e5 Nfd7 9. Qg3 g6 10. Bh6 c5 11. O-O Nc6 12. Nb5 c4 13. Be2 Qb6 14. Nd6+ Bxd6 15. exd6 Nxd4 16. Bd1 Nf5 17. Qf4 Qxd6 18. Re1 O-O-O 19. c3 Rhe8 20. Bf3 Nc5 21. Be2 Nxh6 22. Qxh6 Qe7 23. Rad1 Qf6 24. Qe3 b6 25. b4 Ne4 26. Rc1 Nd6 27. a4 Kb8 28. a5 b5 29. a6 Qe7 30. Bf3 Qc7 31. Qh6 f6 32. Ra1 Nf5 33. Qd2 e5 34. Ra5 Qb6 35. Bg4 Ne7 36. Kh1 Nc6 37. Raa1 f5 38. Bf3 e4 39. Be2 Qxf2 40. Rf1 Qb6 41. Qf4+ Qc7 42. Qe3 d4 43. cxd4 Nxd4 44. Bd1 Ne6 45. Ra5 Rd5 46. Be2 Red8 47. Rc1 Qf4 48. Qg1 Nd4 49. Bxc4 bxc4 50. Rxd5 Rxd5 51. Rxc4 Nf3 52. Qf1 Qd2 53. gxf3 Qd1 54. Qxd1 Rxd1+ 55. Kg2 e3 56. Rc6 e2 57. Re6 e1=Q 0-1


[Site "https://www.chess.com"]

[Event "Titled Tuesday Blitz August 23 Late 2022"]
[White "Salem, A.R. Saleh"]
[Black "Pulpan, Jakub"]
[WhiteFideId "9301348"]
[BlackFideId "302759"]
[WhiteElo "2674"]
[BlackElo "2451"]
[Result "1/2-1/2"]
[Round "05"]
[TimeControl "180+1"]
[Date "2022.08.23"]
[WhiteClock "0:00:32"]
[BlackClock "0:00:46"]

1. d4 Nf6 2. c4 e6 3. Nc3 Bb4 4. a3 Bxc3+ 5. bxc3 Qe7 6. f3 e5 7. e4 d6 8. Bd3 c5 9. Ne2 Nc6 10. O-O cxd4 11. cxd4 exd4 12. Bb2 O-O 13. Nxd4 Nxd4 14. Bxd4 Be6 15. Qb3 b6 16. a4 Nd7 17. Qb2 Ne5 18. Be2 Bxc4 19. Bxe5 dxe5 20. Bxc4 Qc5+ 21. Kh1 Qxc4 22. Qxe5 Rac8 23. h3 Rfe8 24. Qg3 g6 25. Rfd1 Red8 26. Qe1 Kg7 27. Rdc1 Qd4 28. Rd1 Qc4 29. Rdc1 Qd4 30. Rd1 Qc4 1/2-1/2


[Site "https://www.chess.com"]

[Event "Titled Tuesday Blitz August 23 Late 2022"]
[White "Schmakel, Sam"]
[Black "Uskov, Artem"]
[WhiteFideId "2039311"]
[BlackFideId "34254854"]
[WhiteElo "2356"]
[BlackElo "2335"]
[Result "1-0"]
[Round "05"]
[TimeControl "180+1"]
[Date "2022.08.23"]
[WhiteClock "0:00:18"]
[BlackClock "0:00:23"]

1. e4 Nf6 2. Nc3 d5 3. exd5 Nxd5 4. g3 c6 5. Bg2 e6 6. d4 Be7 7. Nf3 O-O 8. O-O b6 9. Re1 Bb7 10. Ne4 Nd7 11. c4 N5f6 12. Nxf6+ Nxf6 13. Ne5 Qc7 14. Bf4 Qc8 15. Qf3 Rd8 16. Nxc6 Rd7 17. d5 Bf8 18. dxe6 fxe6 19. Rxe6 Rf7 20. Rae1 Bb4 21. R1e2 Bc5 22. Qd3 Rd7 23. Qc2 a5 24. Bg5 Rc7 25. Bxf6 Bxc6 26. Bc3 Bxg2 27. Kxg2 Qd7 28. Qe4 Rf8 29. Re8 Qf7 30. Rxf8+ Bxf8 31. b3 b5 32. Bxa5 Ra7 33. Bb6 Re7 34. Qd3 Rxe2 35. Qxe2 Qb7+ 36. Qf3 Qxb6 37. Qd5+ Kh8 38. cxb5 Bc5 39. Qa8+ 1-0


[Site "https://www.chess.com"]